 Dungeon Crawl Stone Soup version 0.29.1-12-g30fa7ad0bf (webtiles) character file.

Game seed: 14264233196816836902

14717 KittyFluff the Protected (level 12, -9/75 HPs)
             Began as a Gargoyle Berserker on Jan 11, 2023.
             Was a High Priest of Trog.
             Collided with a briar patch (20 damage)
             ... caused by a swamp worm
             ... on level 1 of the Lair of Beasts.
             The game lasted 01:00:34 (13411 turns).

KittyFluff the Protected (Gargoyle Berserker)      Turns: 13411, Time: 01:00:37

Health: -9/75      AC: 27    Str: 31    XL:     12   Next: 19%
Magic:  12/12      EV:  6    Int: 13    God:    Trog [*****.]
Gold:   410        SH:  0    Dex: 13    Spells: 11/11 levels left

rFire   . . .      SeeInvis +   P - +4 flail (freeze)
rCold   . . .      Faith    .   T - +1 kite shield of Rationality {rPois Str+4 Int+4}
rNeg    + . .      Spirit   .   b - +3 ring mail {Will+}
rPois   ∞          Reflect  +   f - +2 helmet {SInv}
rElec   +          Harm     .   h - +0 cloak
rCorr   .          Rampage  .   t - +0 pair of gloves
Will    +....                   r - +0 pair of boots
Stlth   ..........              A - amulet of reflection
HPRegen 0.22/turn               E - +6 ring of strength
MPRegen 0.13/turn               L - ring of flight

@: confused, ambrosia-drunk, flying, held
A: sickness immunity, AC +8, negative energy resistance 1, electricity
resistance, torment resistance 1, petrification resistance
a: Renounce Religion, Berserk, Trog's Hand, Brothers in Arms


You were on level 1 of the Lair of Beasts.
You worshipped Trog.
Trog was extremely pleased with you.
You visited 2 branches of the dungeon, and saw 11 of its levels.

You collected 653 gold pieces.
You spent 243 gold pieces at shops.

Inventory:

Hand Weapons
 a - a +0 morningstar
 s - a +0 sling
 P - a +4 flail of freezing (weapon)
Missiles
 g - 38 stones (quivered)
 D - 2 javelins
 M - 10 poisoned darts
 W - a curare-tipped dart
 Z - 5 boomerangs
Armour
 b - a +3 ring mail of willpower (worn)
 f - a +2 helmet of see invisible (worn)
 h - a +0 cloak (worn)
 q - +0 acid dragon scales
 r - a +0 pair of boots (worn)
 t - a +0 pair of gloves (worn)
 v - a +0 buckler
 I - a +3 plate armour of willpower
 J - a scarf of invisibility
 T - the +1 kite shield of Rationality (worn) {rPois Str+4 Int+4}
   (You found it on level 1 of the Lair of Beasts)

   Str:       It affects your strength (+4).
   Int:       It affects your intelligence (+4).
   rPois:     It protects you from poison.
 V - a +0 hat of stealth
Jewellery
 A - an amulet of reflection (around neck)
 E - a +6 ring of strength (left hand)
 L - a ring of flight (right hand)
Wands
 w - a wand of flame (48)
 y - a wand of polymorph (11)
 B - a wand of acid (3)
 R - a wand of iceblast (4)
 S - a wand of digging (7)
 Y - a wand of mindburst (7)
Scrolls
 c - a scroll of amnesia {unknown}
 e - 4 scrolls of vulnerability {unknown}
 j - a scroll of fear {unknown}
 k - 7 scrolls of teleportation {unknown}
 l - 3 scrolls of butterflies {unknown}
 n - 4 scrolls of enchant weapon {unknown}
 p - 3 scrolls of poison
 x - a scroll of noise {unknown}
 C - 2 scrolls of enchant armour {unknown}
 G - a scroll of acquirement {unknown}
 H - 2 scrolls of immolation {unknown}
 K - 2 scrolls of blinking
 Q - a scroll of silence {unknown}
Potions
 d - 3 potions of resistance
 i - a potion of might
 m - 4 potions of ambrosia
 o - a potion of berserk rage
 u - 4 potions of flight
 z - 3 potions of haste
 N - 5 potions of heal wounds {unknown}
 O - a potion of attraction
 U - 2 potions of mutation {unknown}
 X - 2 potions of curing
Miscellaneous
 F - a phial of floods


   Skills:
 + Level 8.9 Fighting
 * Level 11.1 Maces & Flails
 * Level 11.8 Armour
 + Level 6.4 Dodging
 * Level 7.1 Shields


You had 11 spell levels left.
You didn't know any spells.
Your spell library was empty.

Dungeon Overview and Level Annotations

Branches:
Dungeon (10/15)            Temple (0/1) D:7            Lair (1/5) D:10
    Orc: D:9-12

Altars:
Elyvilon
Fedhas
Makhleb
Nemelex Xobeh
Okawaru
Qazlal
Sif Muna
Trog
Vehumet
Yredelemnul

Shops:
D:3 *

Portals:
Abyss: D:10

Annotations:
D:10 2 transporters, Kazon's ghost, journeyman NaBe
Lair:1 1 transporter


Innate Abilities, Weirdness & Mutations

You are immune to sickness and miasma.
Your stone body is resilient. (AC +8)
You are immune to poison.
You resist negative energy. (rN+)
You are resistant to electric shocks. (rElec)
You are resistant to unholy torment.
You are immune to petrification.


Message History

You closely miss the swamp worm.
The swamp worm is almost dead.
The swamp worm fires a harpoon shot at you.
The harpoon shot hits you.
You are yanked forward by the harpoon shot.
You collide with the briar patch!
The briar patch is severely damaged.
You block the swamp worm's attack.
You sock the swamp worm! You freeze the swamp worm.
You kill the swamp worm!
Trog accepts your kill.
You are struck by the briar patch's thorns.
You hit the briar patch. You freeze the briar patch.
You destroy the briar patch!
The swamp worm fires a harpoon shot at you.
The harpoon shot hits you but does no damage.
The swamp worm fires a harpoon shot at you.
The harpoon shot hits you but does no damage.
You are confused.
You feel invigorated.
The swamp worm fires a harpoon shot at you.
The harpoon shot hits you but does no damage.
The swamp worm fires a harpoon shot at you.
The harpoon shot hits you but does no damage.
The swamp worm fires a harpoon shot at you.
The harpoon shot hits you!!
You are yanked forward by the harpoon shot.
You collide with the briar patch!
The briar patch is heavily damaged.
You become entangled in the net!
There is a net trap here.
You see here a throwing net.
You struggle against the net.
The swamp worm fires a harpoon shot at you.
The harpoon shot hits you!!
* * * LOW HITPOINT WARNING * * *
You are yanked forward by the harpoon shot.
You collide with the briar patch!
The briar patch is destroyed!
You die...

#.# #..>...©........#..#.#.# #.#
##....#####.......###.... #.#
#...###.©P###............ #.#
##..#♣≈P^.≈##............ #.#
##..##≈P^.≈†#............ ..#
#...#§§P^P≈##............ ..####
##..###°^P≈♣#......#..###
...#.####...#♣≈P^§###......####
............##§.@.≈†#.......#
............#w≈P☼P≈##.......#
............####+####......##
..............#$[?#........######
###.#P........#=©[#........##.#P#
# ###.........#####..............
##..........©................
#...........................
#........................##.


You could see a swamp worm.

Vanquished Creatures
  Gastronok (D:9)
  2 two-headed ogres
  Joseph (D:10)
  2 cane toads (Lair:1)
  4 komodo dragons (Lair:1)
  The ghost of fantasyman the Conjurer, a novice DECj of Vehumet (D:6)
  A queen bee (D:9)
  A hornet (D:9)
  5 blink frogs (Lair:1)
  Sigmund (D:8)
  A shadow (D:10)
  A vampire (D:8)
  3 wyverns
  13 yaks
  A basilisk (D:10)
  A steam dragon (D:9)
  3 swamp worms (Lair:1)
  5 water moccasins
  2 acid dragons
  4 orc warriors
  A sky beast (D:4)
  An ice beast (D:6)
  The ghost of TheGhostDragon953 the Chopper, an amateur MiBe of Trog (D:3)
  3 ogres (D:6)
  3 black bears
  2 phantoms
  2 kobold brigands
  5 bullfrogs
  A gnoll sergeant (D:10)
  12 wights
  33 killer bees
  2 howler monkeys
  2 hounds
  2 orc priests
  2 jellies
  Jessica (D:2)
  2 gnoll boudas
  5 iguanas
  2 orc wizards
  27 gnolls
  13 adders
  A shadow imp (D:7)
  A white imp (D:5)
  A worm (D:3)
  A dart slug (D:5)
  19 orcs
  7 ball pythons
  4 bats
  11 endoplasms
  2 giant cockroaches (D:2)
  11 goblins
  5 hobgoblins
  6 jackals
  3 quokkas
  5 frilled lizards
  19 kobolds
  6 rats
  4 briar patches (Lair:1)
281 creatures vanquished.

Vanquished Creatures (others)
  A briar patch (Lair:1)
  2 fungi (Lair:1)
  4 plants (Lair:1)
7 creatures vanquished.

Grand Total: 288 creatures vanquished

Notes
Turn   | Place    | Note
-------+----------+-------------------------------------------
     0 | D:1      | KittyFluff the Gargoyle Berserker began the quest for the
                  | Orb.
     0 | D:1      | Reached XP level 1. HP: 14/14 MP: 1/1
   445 | D:1      | Reached XP level 2. HP: 18/19 MP: 2/2
  1310 | D:1      | Reached XP level 3. HP: 18/23 MP: 3/3
  1646 | D:2      | Reached XP level 4. HP: 22/29 MP: 4/4
  1796 | D:2      | Reached ** piety under Trog
  2261 | D:2      | Noticed Jessica
  2302 | D:2      | Killed Jessica
  2303 | D:2      | Reached XP level 5. HP: 30/33 MP: 5/5
  2703 | D:3      | Found a faded altar of an unknown god.
  2875 | D:3      | Found a runed translucent door.
  2925 | D:3      | Found a blossoming altar of Fedhas.
  3034 | D:3      | Noticed TheGhostDragon953's ghost (amateur MiBe)
  3377 | D:3      | Found Syluameo's Assorted Antiques.
  3453 | D:3      | Reached XP level 6. HP: 25/38 MP: 6/6
  3470 | D:3      | Killed TheGhostDragon953's ghost
  3690 | D:4      | Found a radiant altar of Vehumet.
  4026 | D:4      | Noticed a sky beast
  4061 | D:4      | Killed a sky beast
  4062 | D:4      | Reached skill level 5 in Maces & Flails
  4062 | D:4      | Reached skill level 5 in Armour
  4062 | D:4      | Reached XP level 7. HP: 38/44 MP: 7/7
  4130 | D:4      | Reached *** piety under Trog
  4185 | D:4      | Found an iron altar of Okawaru.
  4522 | D:5      | Entered Level 5 of the Dungeon
  4552 | D:5      | Reached skill level 5 in Fighting
  4705 | D:5      | Reached XP level 8. HP: 49/49 MP: 8/8
  4802 | D:5      | Found a white marble altar of Elyvilon.
  5166 | D:5      | Found a burning altar of Makhleb.
  5166 | D:5      | Found a stormy altar of Qazlal.
  5366 | D:5      | Reached **** piety under Trog
  5708 | D:3      | Bought a runed ring mail for 189 gold pieces
  5708 | D:3      | Bought a scroll of identify for 54 gold pieces
  6368 | D:6      | Found a bloodstained altar of Trog.
  6540 | D:6      | Reached XP level 9. HP: 28/55 MP: 9/9
  6718 | D:6      | Found a basalt altar of Yredelemnul.
  6892 | D:6      | Found a runed translucent door.
  6892 | D:6      | Noticed fantasyman's ghost (novice DECj)
  6959 | D:6      | Killed fantasyman's ghost
  6960 | D:6      | Reached skill level 1 in Shields
  7776 | D:7      | Found a staircase to the Ecumenical Temple.
  8363 | D:8      | Noticed a two-headed ogre
  8375 | D:8      | Killed a two-headed ogre
  8518 | D:8      | Noticed Sigmund
  8526 | D:8      | Killed Sigmund
  8527 | D:8      | Reached XP level 10. HP: 61/61 MP: 10/10
  9569 | D:8      | Reached skill level 5 in Dodging
 10275 | D:9      | Reached skill level 10 in Armour
 10872 | D:9      | Reached XP level 11. HP: 60/68 MP: 11/11
 11064 | D:9      | Noticed Gastronok
 11097 | D:9      | Killed Gastronok
 11098 | D:9      | Reached skill level 5 in Shields
 11173 | D:9      | Reached skill level 10 in Maces & Flails
 11186 | D:9      | Found a sparkling altar of Nemelex Xobeh.
 11256 | D:10     | Entered Level 10 of the Dungeon
 11300 | D:10     | Noticed Joseph
 11312 | D:10     | Killed Joseph
 11408 | D:10     | Found a staircase to the Lair.
 11440 | D:10     | Noticed a two-headed ogre
 11451 | D:10     | Killed a two-headed ogre
 11598 | D:10     | Reached ***** piety under Trog
 11795 | D:10     | Found a shimmering blue altar of Sif Muna.
 12014 | D:10     | Found a transporter.
 12024 | D:10     | Noticed a thrashing horror
 12027 | D:10     | Noticed Kazon's ghost (journeyman NaBe)
 12028 | D:10     | Noticed a thrashing horror
 12035 | D:10     | Found a one-way gate to the infinite horrors of the Abyss.
 12264 | D:10     | Found a transporter.
 12332 | Lair:1   | Entered Level 1 of the Lair of Beasts
 12387 | Lair:1   | Identified the +1 kite shield of Rationality {rPois Str+4
                  | Int+4}
 12615 | Lair:1   | Found a transporter.
 12821 | Lair:1   | Found a transporter.
 12920 | Lair:1   | Reached XP level 12. HP: 72/75 MP: 12/12
 13411 | Lair:1   | Collided with a briar patch

Illustrated notes

Levels and vault maps discovered:
D:1:      minmay_arrival_open_corners, layout_basic
D:2:      layout_basic, minmay_door_square, st_stairs_1, uniq_jessica
D:3:      layout_loops_ring, old_standard_altar, ebering_ghost_sewer_d,
          chequers_ecumenical_altar_island, serial_shops,
          nicolae_shop_statue_plus, chequers_hall_statues_wall_a
D:4:      layout_rooms, general_overflow_altar, nicolae_vehumet_radiance,
          kennysheep_cross_bottleneck
D:5:      layout_basic, gammafunk_temple_overflow_pools, lemuel_crystal_altar
D:6:      layout_cave_pods, mainiacjoe_overflow_six_doors_small,
          mainiacjoe_overflow_brackets, hellmonk_ghost_happy_afterlife
D:7:      layout_basic, temple_pool_b, grunt_ministairs_11
D:8:      layout_loops_ring, small_chamber_with_monster, sigmund_army
D:9:      layout_roguey, mainiacjoe_overflow_24_doors, special_room
          [special_room_bee], uniq_gastronok
D:10:     layout_stronghold, mainiacjoe_overflow_concentric_impassable,
          david_lair_generic, gammafunk_ghost_abyssal_escape, uniq_joseph
Lair:1:   gammafunk_worm_tunnel, layout_chaotic_city, serial_bayou_pond_a

Skill      XL: |  1  2  3  4  5  6  7  8  9 10 11 12 |
---------------+-------------------------------------+-----
Armour         | 3 4 5 7 8 10 11 | 11.8
Dodging        | 2 3 4 5 6 |  6.4
Maces & Flails | 4 5 7 8 9 10 11 | 11.1
Fighting       | 4 5 6 7 8 |  8.9
Shields        | 3 4 6 7 |  7.1

Action                   |  1- 3 |  4- 6 |  7- 9 | 10-12 || total
-------------------------+-------+-------+-------+-------++-------
Melee: Mace              |    66 |       |       |       ||    66
       Flail             |    12 |   221 |   371 |   516 ||  1120
Throw: Stone             |       |       |    23 |    13 ||    36
Invok: Berserk           |       |     1 |     2 |     3 ||     6
  Use: Scroll            |     1 |     5 |     3 |     1 ||    10
       Potion            |       |       |       |     3 ||     3
 Stab: Sleeping          |       |       |     1 |       ||     1
Armor: Animal skin       |    38 |    80 |    71 |       ||   189
       Ring mail         |       |       |    62 |   180 ||   242
       Leather armour    |       |       |     8 |       ||     8
Dodge: Dodged            |    46 |   146 |   183 |   205 ||   580
Block: Buckler           |       |    25 |   141 |   202 ||   368
       Reflection        |       |       |     3 |    13 ||    16
       Kite shield       |       |       |       |    82 ||    82
